 Seeded DCSS version 0.25-a0-587-gb4d47b2 (webtiles) character file.

Game seed: 5401609482515749458, levelgen mode: deterministic

233 Faels the Chopper (level 5, -1/42 HPs)
             Began as a Draconian Chaos Knight on Mar 8, 2020.
             Was a Plaything of Xom.
             Slain by a wight
             ... wielding a +4 flail
              (12 damage)
             ... on level 3 of the Dungeon.
             The game lasted 00:09:58 (2819 turns).

Faels the Chopper (Draconian Chaos Knight)          Turns: 2819, Time: 00:09:58

Health: -1/42      AC:  5    Str: 15    XL:     5   Next: 75%
Magic:  5/5        EV:  7    Int: 12    God:    Xom [.....*]
Gold:   111        SH: 10    Dex: 11    Spells: 4/4 levels left

rFire    . . .     SeeInvis .   a - +0 hand axe (chaos)
rCold    . . .     Gourm    .   j - +0 tower shield
rNeg     . . .     Faith    .   (armour unavailable)
rPois    .         Spirit   .   (helmet restricted)
rElec    .         Reflect  .   (no cloak)
rCorr    .         Harm     .   (no gloves)
MR       .....     Clarity  +   (no boots)
Stlth    +.........             (no amulet)
HPRegen  0.54/turn              (no ring)
MPRegen  0.09/turn              (no ring)

@: heavily drained
A: unfitting armour, horns 1, clarity, frail 1, regeneration 1, wild magic 1,
cold-blooded, AC +5
a: Renounce Religion


You were on level 3 of the Dungeon.
You worshipped Xom.
You were Xom's teddy bear.
You were not hungry.

You visited 1 branch of the dungeon, and saw 3 of its levels.

You collected 111 gold pieces.

Inventory:

Hand Weapons
 a - a +0 hand axe of chaos (weapon)
 e - a +0 hand crossbow
Armour
 j - a +0 tower shield (worn)
Scrolls
 g - 2 scrolls of identify {unknown}
 h - a scroll of random uselessness {unknown}
 i - a scroll of teleportation {unknown}
Potions
 f - a potion of degeneration {unknown}
Comestibles
 b - 8 rations
 c - 2 chunks of flesh


   Skills:
 + Level 4.5(3.0) Fighting
 * Level 5.1(3.5) Axes
 - Level 3.0(1.5) Dodging
 + Level 1.1(0.0) Shields


You had 4 spell levels left.
You didn't know any spells.
Your spell library was empty.

Dungeon Overview and Level Annotations

Branches:
Dungeon (3/15)

Altars:
Okawaru
Ru
Xom

Annotations:
D:3 Sigmund


Innate Abilities, Weirdness & Mutations

Your plain brown scales are hard. (AC +5)
You cannot fit into any form of body armour.
You are cold-blooded and may be slowed by cold attacks.
You have a pair of small horns on your head.
You possess an exceptional clarity of mind.
You are frail. (-10% HP)
Your natural rate of healing is unusually fast.
Your spells are a little harder to cast, but a little more powerful.


Message History

You barely miss the wight.
The wight is moderately damaged.
You hit the wight but do no damage. The wight hits you with a +4 flail!
The wight barely misses you.
You closely miss the wight.
The wight is moderately damaged.
You hit the wight. You burn the wight. The wight hits you with a +4 flail!
The wight hits you with a cursed +0 scimitar.
You feel drained.
You hit the wight.
The wight flickers and vanishes!
Deactivating autopickup; reactivate with Ctrl-A.
You hit the wight.
The wight convulses.
Something hits you!
* * * LOW HITPOINT WARNING * * *
You feel drained.
* * * LOW HITPOINT WARNING * * *
The wight barely misses you.
There is a stone staircase leading up here.
Something hits you!
You die...
Xom is highly amused!

###.##...#......#
....#......####..#
###..........#
.........#...#
###.........##
#.#...###..#
...###z##...# ###
##.{.#...#
##..@.).#.....#
##..)....#.....#
#........#...###
+...)[)..#...._
#........#.....#
##.........###≈#
##........#..
##...##..#..
.......####


You could see a wight.

Vanquished Creatures
  A hound (D:2)
  Natasha (D:3)
  A worker ant (D:3)
  2 adders (D:2)
  8 oozes (D:1)
  3 dart slugs
  2 leopard geckos
  A ball python (D:3)
  10 bats
  7 giant cockroaches
  7 goblins
  10 hobgoblins
  11 jackals
  A quokka (D:3)
  6 frilled lizards
  9 kobolds
  15 rats
  4 bushes (D:2)
  2 plants (D:2)
101 creatures vanquished.

Vanquished Creatures (others)
  2 bushes (D:2)
2 creatures vanquished.

Grand Total: 103 creatures vanquished

Notes
Turn   | Place    | Note
-------+----------+-------------------------------------------
     0 | D:1      | Faels the Draconian Chaos Knight began the quest for the
                  | Orb.
     0 | D:1      | Reached XP level 1. HP: 19/19 MP: 1/1
     1 | D:1      | Found a runed translucent door.
    71 | D:1      | XOM: divination: detect creatures
   140 | D:1      | XOM: harmless Fire miscast
   265 | D:1      | Reached XP level 2. HP: 26/26 MP: 2/2
   296 | D:1      | XOM: divination: detect items
   324 | D:1      | XOM: 2-stop teleportation journey
   416 | D:1      | XOM: torment (14/26 hp)
   792 | D:1      | Reached XP level 3. HP: 33/33 MP: 3/3
   803 | D:1      | XOM: give mutations
   803 | D:1      | Gained mutation: Your spells are a little harder to cast,
                  | but a little more powerful. [Xom's mischief]
   803 | D:1      | Gained mutation: You possess an exceptional clarity of
                  | mind. [Xom's mischief]
   803 | D:1      | Gained mutation: You are frail. (-10% HP) [Xom's mischief]
   820 | D:1      | Reached skill level 4 in Axes
   832 | D:1      | XOM: noise
   837 | D:1      | Reached XP level 4. HP: 21/36 MP: 4/4
  1018 | D:2      | XOM: silly message
  1336 | D:2      | XOM: give mutations
  1336 | D:2      | Gained mutation: You have a pair of small horns on your
                  | head. [Xom's grace]
  1336 | D:2      | Gained mutation: Your natural rate of healing is unusually
                  | fast. [Xom's grace]
  1423 | D:2      | Reached XP level 5. HP: 40/41 MP: 5/5
  1644 | D:2      | Found an iron altar of Okawaru.
  1810 | D:2      | XOM: 9-stop teleportation journey
  1873 | D:2      | XOM: scenery: create altars
  2088 | D:2      | XOM: divination: magic mapping
  2322 | D:3      | Noticed Sigmund
  2332 | D:3      | XOM: butterfly on damage
  2436 | D:3      | Noticed Robin
  2444 | D:3      | Noticed Robin
  2444 | D:3      | Robin changed into Robin the worker ant
  2455 | D:3      | Killed Robin the worker ant
  2635 | D:3      | Found a sacrificial altar of Ru.
  2645 | D:3      | Noticed Natasha
  2650 | D:3      | Killed Natasha
  2650 | D:3      | Reached skill level 5 in Axes
  2650 | D:3      | Reached skill level 1 in Shields
  2745 | D:3      | XOM: god gift: 21 stones
  2747 | D:3      | XOM: enchant monster (good)
  2819 | D:3      | Slain by a wight

Levels and vault maps discovered:
D:1:      dpeg_arrival_caged_fury, layout_loops_ring
D:2:      layout_rooms, kennysheep_okawaru_gauntlet, serial_forest,
          infiniplex_forest_join, infiniplex_forest_end_2,
          infiniplex_forest_end_3, infiniplex_forest_lined_3_way,
          infiniplex_forest_clump_small, infiniplex_forest_pool, first_ration,
          minmay_misc_feat_alley, grunt_ministairs_14, minmay_hedge_maze
D:3:      layout_loops_corners, nicolae_overflow_crystal_walls,
          hangedman_ru_absence, gammafunk_ghost_cemetery, uniq_sigmund,
          uniq_robin, uniq_grinder, uniq_natasha, uniq_ijyb

Skill      XL: |  1  2  3  4  5 |
---------------+----------------+-----
Axes           | 4 5 |  5.1
Fighting       | 4 |  4.5
Dodging        | 3 |  3.0
Shields        | 1 |  1.1

Action                   |  1- 3 |  4- 6 || total
-------------------------+-------+-------++-------
Melee: Hand axe          |    94 |   303 ||   397
       Tailslap          |     9 |    52 ||    61
       Headbutt          |       |    59 ||    59
  Use: Scroll            |     1 |       ||     1
       Potion            |       |     1 ||     1
 Stab: Sleeping          |     1 |       ||     1
  Eat: Chunk             |       |     7 ||     7
Armor: Skin              |    24 |    53 ||    77
Dodge: Dodged            |    59 |   100 ||   159
Block: Tower shield      |       |    49 ||    49

Table legend:
 A = Non-vault XP
 B = Vault XP
 C = Vault XP percentage of total XP
 D = Non-vault monster count
 E = Vault monster count
 F = Vault count percentage of total count
                 A         B        C        D         E       F
            +---------+---------+-------+---------+---------+-------
      Total |     155 |     179 |  53.6 |      60 |      35 |  36.8
            +---------+---------+-------+---------+---------+-------
        D:1 |      40 |      72 |  64.3 |      20 |      20 |  50.0
        D:2 |     102 |      17 |  14.3 |      31 |       2 |   6.1
        D:3 |      13 |      90 |  87.4 |       9 |      13 |  59.1
            +---------+---------+-------+---------+---------+-------
